 Dungeon Crawl Stone Soup version 0.28-a0-10-g964c8b829e (webtiles) character file.

Game seed: 17920937005181047548

57 Sobieck the Skirmisher (level 3, 0/29 HPs)
             Began as a Demonspawn Abyssal Knight on July 25, 2021.
             Was a Believer of Lugonu.
             Succumbed to an adder's poison
             ... on level 2 of the Dungeon.
             The game lasted 00:04:00 (1517 turns).

Sobieck the Skirmisher (Demonspawn Abyssal Knight)  Turns: 1517, Time: 00:04:01

Health: 0/29       AC:  4    Str: 12    XL:     3   Next: 73%
Magic:  5/5        EV: 11    Int: 14    God:    Lugonu [**....]
Gold:   17         SH:  0    Dex: 12    Spells: 2/2 levels left

rFire   . . .      SeeInvis .   a - +1 hand axe {axe}
rCold   . . .      Faith    .   (no shield)
rNeg    . . .      Spirit   .   b - +0 leather armour
rPois   .          Reflect  .   (no helmet)
rElec   .          Harm     .   c - +0 cloak
rCorr   .          Rampage  .   (no gloves)
Will    .....                   (no boots)
Stlth   +.........              (no amulet)
HPRegen 0.09/turn               (no ring)
MPRegen 0.09/turn               (no ring)

@: lethally poisoned (0 -> -9)
A: hooves 1, powered by pain 1
a: Renounce Religion, Depart the Abyss, Bend Space


You were on level 2 of the Dungeon.
You worshipped Lugonu.
Lugonu was pleased with you.
You visited 1 branch of the dungeon, and saw 3 of its levels.
You visited the Abyss 1 time.

You collected 17 gold pieces.


Innate Abilities, Weirdness & Mutations

You have large cloven feet.
You sometimes gain a little power by taking damage.


   Skills:
 + Level 3.2 Fighting
 * Level 2.6 Axes
 + Level 2.2 Armour
 + Level 1.5 Dodging
 + Level 3.1 Invocations


You had 2 spell levels left.
You didn't know any spells.
Your spell library contained the following spells:

 Spells                   Type           Power      Damage    Failure   Level
 Slow                     Hex            0%         N/A       50%         2
 Confusing Touch          Hex            0%         N/A       73%         3
 Vampiric Draining        Necr           0%         2d6       73%         3
 Animate Dead             Necr           0%         N/A       98%         4
 Borgnjor's Vile Clutch   Necr/Erth      0%         N/A       100%        5
 Death Channel            Necr           0%         N/A       100%        6

Inventory:

Hand Weapons
 a - a +1 hand axe (weapon) {axe}
Missiles
 e - 2 stones {throwing}
Armour
 b - a +0 leather armour (worn)
 c - a +0 cloak (worn)
   (You found it on level 1 of the Abyss)
 f - a +0 kite shield
   (You found it on level 1 of the Dungeon)
Scrolls
 d - 4 scrolls of identify {unknown}
Potions
 g - a potion of haste {unknown}
 h - a potion of curing {unknown}

Dungeon Overview and Level Annotations

Branches:
Dungeon (3/15)

Altars:
Uskayaw

#.# #########.#
#.$.....#'#######
#................
#........††......
+................
########................
........†...............
.......@.#####..........
........................
........................
.......................
.................######
.................#
.................#
########.........#
#.....$...#


There were no monsters in sight!


Message History

You see here a scroll labelled RASHRO WIJESAE.
The hobgoblin closely misses you.
You barely miss the hobgoblin.
You kick the hobgoblin, but do no damage.
The hobgoblin hits you. 😕 HP[-1]
You take 1 damage, and now have 28/29 hp.
You hit the hobgoblin.
You kill the hobgoblin!
Lugonu accepts your kill.
You hit the worm. You kick the worm, but do no damage.
The worm completely misses you.
You hit the worm. You kick the worm, but do no damage.
The worm bites you but does no damage. 😎 HP[+1]
Your hp is fully restored (29).
You hit the worm. You slash the worm! The worm closely misses you.
You barely miss the worm. The worm bites you. 😕 HP[-6]
You take 6 damage, and now have 23/29 hp.
MASSIVE DAMAGE!! (PAUSE)
You hit the worm.
You kill the worm!
Lugonu accepts your kill.
No target in view!
d - 4 scrolls labelled RASHRO WIJESAE (gained 1)
A worm comes into view. 😎 HP[+6]
Your hp is fully restored (29).
A worm is nearby!
An adder comes into view.
The adder hisses angrily.
Your leather armour prevents you from hitting the worm.
You hit the worm. The worm closely misses you.
You hit the worm. The worm closely misses you.
You hit the worm. You closely miss the adder. The adder completely misses you.
The adder bites you.
You are poisoned.
The adder poisons you! The worm bites you. 😕 HP[-5]
You take 5 damage, and now have 24/29 hp.
You slash the worm! You kick the worm, but do no damage. You hit the adder.
You feel sick. The adder misses you. 😕 HP[-2]
You take 2 damage, and now have 22/29 hp.
You hit the worm but do no damage. Your kick misses the worm.
You miss the adder.
You feel sick. The adder bites you but does no damage.
The worm bites you but does no damage. The adder barely misses you. 😮 HP[-1]
You take 1 damage, and now have 21/29 hp.
You are too injured to fight recklessly!
Unknown command.
You completely miss the worm. Your kick misses the worm.
You barely miss the adder.
You feel sick.
You are no longer poisoned.
The adder bites you but does no damage. The worm misses you. 😮 HP[-1]
You take 1 damage, and now have 20/29 hp.
You hit the worm.
You kill the worm!
Lugonu accepts your kill.
You barely miss the adder. The adder closely misses you.
The adder bites you but does no damage.
You barely miss the adder. Your kick misses the adder.
The adder bites you but does no damage. x2
You closely miss the adder. The adder misses you.
You hit the adder. Your kick misses the adder. The adder bites you. x2
You are poisoned.
The adder poisons you! 😮 HP[-4]
You take 4 damage, and now have 16/29 hp.
You barely miss the adder.
You feel sick. The adder barely misses you. 😮 HP[-1]
You take 1 damage, and now have 15/29 hp.
You closely miss the adder. Your kick misses the adder.
You feel sick. The adder bites you.
* * * LOW HITPOINT WARNING * * *
You are more poisoned.
The adder poisons you! The adder bites you.
* * * LOW HITPOINT WARNING * * *
You are more poisoned.
The adder poisons you! 😨 HP[-7]
You take 7 damage, and now have 8/29 hp.
MASSIVE DAMAGE!! (PAUSE)
You hit the adder. You kick the adder.
You kill the adder!
Lugonu accepts your kill.
* * * LOW HITPOINT WARNING * * *
You feel very sick. 😱 HP[-4]
You take 4 damage, and now have 4/29 hp.
* * * LOW HITPOINT WARNING * * *
You feel sick.
You see here an adder corpse. 😱 HP[-2]
You take 2 damage, and now have 2/29 hp.
Unknown command.
You die...

Skill      XL: |  1  2  3 |
---------------+----------+-----
Dodging        | 1 |  1.5
Axes           | 2 |  2.6
Armour         | 2 |  2.2
Invocations    | 3 |  3.1
Fighting       | |  3.2

Action                   || total
-------------------------++-------
Melee: Hand axe          ||   103
       Kick              ||    10
Armor: Leather armour    ||    29
Dodge: Dodged            ||    64

Levels and vault maps discovered:
D:1:      dpeg_arrival_round_a, layout_basic, ebering_ecumenical_altar_ruins
D:2:      layout_basic, basic_altar, minmay_heptomino_l4
D:3:      layout_loops_corners, serial_shops, shop, uniq_crazy_yiuf_cottage

Notes
Turn   | Place    | Note
-------+----------+-------------------------------------------
     0 | Abyss:1  | Sobieck the Demonspawn Abyssal Knight began the quest for
                  | the Orb.
     0 | Abyss:1  | Reached XP level 1. HP: 18/18 MP: 2/2
     0 | Abyss:1  | magus.rc [v1.9.6]
    47 | D:1      | You pass through the gate.
    47 | D:1      | Escaped the Abyss
   136 | D:1      | Reached skill level 1 in Dodging
   168 | D:1      | You pick up a book of Debilitation and begin reading...
   168 | D:1      | You add the spells Slow, Vampiric Draining and Confusing
                  | Touch to your library.
   320 | D:1      | You pick up a book of Debilitation and begin reading...
   352 | D:1      | Reached skill level 2 in Axes
   378 | D:1      | Gained mutation: You sometimes gain a little power by
                  | taking damage. [demonic ancestry]
   378 | D:1      | Reached XP level 2. HP: 22/24 MP: 3/3
   503 | D:1      | Found a faded altar of an unknown god.
   720 | D:1      | Reached skill level 2 in Armour
   807 | D:2      | Found a hide-covered altar of Uskayaw.
  1137 | D:1      | Gained mutation: You have large cloven feet. [demonic
                  | ancestry]
  1137 | D:1      | Reached XP level 3. HP: 25/29 MP: 5/5
  1302 | D:2      | You pick up a book of Unlife and begin reading...
  1302 | D:2      | You add the spells Animate Dead, Borgnjor's Vile Clutch and
                  | Death Channel to your library.
  1315 | D:2      | Reached ** piety under Lugonu
  1379 | D:2      | Reached skill level 3 in Invocations
  1515 | D:2      | HP: 4/29 [poisoned by an adder]
  1517 | D:2      | Succumbed to an adder's poison

Vanquished Creatures
  2 adders
  2 worms (D:2)
  6 ball pythons
  2 bats (D:2)
  2 endoplasms
  2 goblins (D:1)
  3 hobgoblins
  2 jackals (D:1)
  3 kobolds (D:1)
  A quokka (D:1)
  4 frilled lizards
  2 rats (D:1)
31 creatures vanquished.

Table legend:
 A = Non-vault XP
 B = Vault XP
 C = Vault XP percentage of total XP
 D = Non-vault monster count
 E = Vault monster count
 F = Vault count percentage of total count
                 A         B        C        D         E       F
            +---------+---------+-------+---------+---------+-------
      Total |      81 |       1 |   1.2 |      30 |       1 |   3.2
            +---------+---------+-------+---------+---------+-------
        D:1 |      48 |       0 |   0.0 |      21 |       0 |   0.0
        D:2 |      33 |       1 |   2.9 |       9 |       1 |  10.0
            +---------+---------+-------+---------+---------+-------

Illustrated notes

Table legend:
 A = Kills in this place as a percentage of kills in entire the game.
 B = Kills by you in this place as a percentage of kills by you in the entire game.
 C = Kills by friends in this place as a percentage of kills by friends in the entire game.
 D = Other kills in this place as a percentage of other kills in the entire game.
 E = Experience gained in this place as a percentage of experience gained in the entire game.
 F = Experience gained in this place divided by the number of levels of this place that you have seen.
                   A       B       C       D       E      F
               +-------+-------+-------+-------+-------+----------------------
         Total | 100.0 | 100.0 |   N/A |   N/A | 100.0 |  20.5
       Dungeon | 100.0 | 100.0 |   N/A |   N/A | 100.0 |  27.3
               +-------+-------+-------+-------+-------+----------------------

Table legend: (Time is in decaauts)
 A = Elapsed time spent in this place.
 B = Non-inter-level travel time spent in this place.
 C = Inter-level travel time spent in this place.
 D = Time resting spent in this place.
 E = Time spent auto-exploring this place.
 F = Levels seen in this place.
 G = Mean time per level.
                   A        B        C        D        E       F      G
               +--------+--------+--------+--------+--------+-----+--------+
         Total |   1538 |   1481 |     57 |    352 |    840 |   4 |  384.5 |
       Dungeon |   1491 |   1434 |     57 |    352 |    840 |   3 |  497.0 |
         Abyss |     47 |     47 |      0 |      0 |      0 |   1 |   47.0 |
               +--------+--------+--------+--------+--------+-----+--------+

Top non-repeatable levels by time:
     D:1: 1228 daAuts
     D:2: 261 daAuts
 Abyss:1: 47 daAuts
     D:3: 1 daAuts
